Map: Emerald City LE

Players

McNuggetJr

  • Race: Terran Terran
  • League: Diamond
  • Spawn Location: 5:00

Gantrithor

  • Race: Zerg Zerg
  • Spawn Location: 5:00

Nightmare - Winner!

  • Race: Protoss Protoss
  • League: Gold
  • Spawn Location: 11:00

XxDepravity - Winner!

  • Race: Zerg Zerg
  • League: Gold
  • Spawn Location: 11:00

VOD

Have the link to the VOD?

Description

Time

  • Played on: Feb. 16, 2019, 12:01 p.m.
  • Length: 11:12
Show
View Real Time Build Order
Export as new Build Order

McNuggetJr Terran 

Build Orders:  

Get SALT Encoding   

  12  0:24  SCV  
  13  0:32  Supply Depot  
  13  0:36  SCV  
  14  0:48  SCV, Refinery  
  15  0:54  Barracks  
  15  1:01  SCV  
  16  1:22  SCV  
  17  1:32  Barracks  
  17  1:37  SCV  
  18  1:43  Marine  
  19  1:49  SCV  
  20  2:09  Marine  
  21  2:19  Marine  
  22  2:23  Supply Depot  
  22  2:25  Factory  
  22  2:27  Marine  
  23  2:34  Orbital Command  
  23  2:36  Supply Depot  
  23  2:37  Refinery  
  23  2:44  Marine  
  23  2:46  Barracks Tech Lab  
  23  3:04  SCV  
  24  3:06  Barracks Reactor  
  24  3:10  Factory Tech Lab  
  24  3:37  Siege Tank  
  27  3:42  Command Center  
  27  3:43  Supply Depot  
  27  3:51  Stimpack  
  27  3:52  Marine x2  
  29  3:57  SCV  
  30  4:16  SCV  
  31  4:28  SCV  
  32  4:43  Siege Tank  
  35  5:04  Command Center  
  35  5:05  Engineering Bay  
  35  5:27  SCV  
  35  5:28  SCV  
  34  5:39  SCV  
  34  5:40  SCV  
  29  5:51  Siege Tank, SCV  
  29  5:52  SCV, Marine x2  
  29  5:53  Marine  
  37  6:03  SCV  
  38  6:04  SCV  
  39  6:14  Bunker  
  39  6:15  SCV  
  39  6:16  SCV  
  39  6:17  Bunker  
  41  6:19  Starport  
  41  6:21  SCV  
  42  6:27  Siege Tank, Marine x2  
  42  6:28  SCV x2, Marine  
  42  6:31  Barracks  
  50  6:33  SCV  
  51  6:40  SCV x2  
  51  6:45  SCV, Marine x2  
  51  6:46  Marine  
  57  6:49  Missile Turret  
  58  7:01  SCV x3  
  58  7:03  Marine x2  
  58  7:06  Refinery  
  62  7:08  Refinery  
  62  7:09  Starport Reactor  
  62  7:13  SCV x3  
  65  7:23  Barracks Reactor  
  65  7:24  Barracks  
  65  7:25  SCV x2  
  65  7:26  SCV  
  65  7:27  Terran Infantry Weapons Level 1  
  65  7:29  Siege Tank  
  71  7:31  Engineering Bay  
  71  7:37  SCV x2  
  71  7:38  SCV  
  74  7:47  Medivac  
  76  7:55  SCV  
  77  8:07  Planetary Fortress  
  77  8:10  Planetary Fortress  
  77  8:14  Supply Depot  
  77  8:15  Supply Depot  
  77  8:16  Missile Turret x2  
  77  8:36  SCV, Marine x6  
  84  8:48  SCV  
  84  8:54  Marine x6  
  90  9:00  SCV  
  91  9:11  Marine x2  
  91  9:16  Marine  
  91  9:17  SCV, Marine  
  93  9:19  Marine x2  
  87  9:27  Medivac x2  
  87  9:29  SCV, Marine x2  
  91  9:34  Marine  
  91  9:35  Marine  
  91  9:36  Marine  
  91  9:37  Marine  
  86  9:47  Marine x2  
  86  9:52  Marine  
  85  9:53  Marine  
  85  9:54  Marine  
  85  9:56  Marine  
  82  10:00  Hellion  
  82  10:05  Marine x2  
  81  10:11  Marine  
  81  10:12  Marine x2  
  72  10:14  Marine  
  67  10:22  Hellion  
  67  10:23  Marine x2  
  68  10:29  Marine  
  68  10:30  Marine  
  68  10:32  Marine x2  
  70  10:40  Marine x2  
  72  10:43  Hellion  
  72  10:47  Marine x2  
  74  10:50  Marine x2  
  68  11:00  Armory  
Show
View Real Time Build Order
Export as new Build Order

Gantrithor Zerg 

Build Orders: Pool First 

Get SALT Encoding   

  12  0:06  Drone  
  13  0:16  Drone  
  14  0:26  Extractor  
  13  0:35  Drone  
  14  0:44  Spawning Pool  
  14  0:45  Overlord  
  13  0:54  Overlord  
  13  0:59  Drone  
  14  1:16  Drone x2  
  16  1:25  Drone  
  17  1:30  Queen  
  19  1:33  Metabolic Boost  
  19  1:40  Drone  
  19  1:42  Drone  
  21  1:52  Zergling x2  
  22  2:02  Zergling x2  
  23  2:14  Zergling x2  
  24  2:17  Lair  
  24  2:29  Hatchery  
  23  2:35  Zergling x4  
  25  2:42  Zergling x6  
  28  2:55  Zergling x2  
  29  3:02  Overlord  
  29  3:12  Overlord  
  29  3:15  Zergling x2  
  30  3:34  Zergling x4, Nydus Network  
  30  3:35  Zergling x2  
  32  3:50  Zergling x10  
  37  3:57  Zergling x2  
  38  4:09  Zergling x4  
  40  4:12  Nydus Canal  
  40  4:37  Zergling x2  
  40  4:38  Zergling x10  
  27  5:11  Hydralisk Den  
  27  5:13  Drone x6  
  30  5:15  Extractor, Queen  
  31  5:40  Hatchery  
  31  5:41  Hydralisk x2  
  34  5:49  Nydus Canal  
  34  6:03  Hydralisk x3  
  34  6:23  Drone x2  
  36  6:28  Drone x2  
  36  6:31  Grooved Spines  
  38  6:42  Drone x4  
  42  6:54  Hydralisk x2  
  42  6:57  Hydralisk  
  48  7:22  Nydus Canal  
  48  7:42  Muscular Augments  
  44  7:54  Drone x2  
  44  7:55  Drone x9  
  44  7:56  Drone x4  
  49  8:07  Extractor x2  
  47  8:24  Pneumatized Carapace  
  47  8:27  Overseer  
  47  8:35  Hydralisk  
  47  8:37  Overlord x2  
  47  8:38  Overlord x2  
  49  8:51  Drone  
  49  8:52  Overlord  
  50  8:59  Hydralisk x5  
  60  9:16  Spawning Pool  
  50  9:44  Hydralisk x7  
  50  9:45  Hydralisk x2  
  36  10:20  Spine Crawler  
  27  10:21  Spine Crawler  
Show
View Real Time Build Order
Export as new Build Order

Nightmare Protoss - Winner!

Build Orders: Chargelot Immortal 

Get SALT Encoding   

  12  0:03  Probe  
  13  0:16  Probe  
  13  0:20  Pylon  
  14  0:26  Probe  
  15  0:35  Probe  
  15  0:41  Gateway  
  16  0:43  Probe  
  17  0:54  Assimilator  
  17  0:57  Probe  
  18  1:06  Probe, Gateway  
  19  1:14  Probe  
  20  1:23  Pylon  
  21  1:32  Probe  
  21  1:36  Assimilator  
  21  1:41  Cybernetics Core  
  21  1:44  Probe  
  22  1:57  Probe  
  23  2:09  Stalker, Nexus  
  23  2:10  Warp Gate  
  25  2:58  Probe  
  26  3:03  Pylon  
  26  3:10  Probe  
  27  3:16  Twilight Council  
  27  3:17  Pylon  
  27  3:18  Pylon  
  27  3:22  Probe  
  28  3:32  Probe  
  30  3:34  Probe  
  30  3:35  Robotics Facility  
  30  3:37  Robotics Facility  
  30  3:44  Probe  
  30  3:46  Probe  
  30  3:48  Gateway  
  32  3:51  Gateway  
  32  3:56  Charge  
  32  4:04  Probe x2  
  34  4:12  Probe x2  
  36  4:21  Probe  
  36  4:30  Zealot x2  
  41  4:43  Zealot  
  37  4:50  Zealot x2  
  37  4:51  Zealot  
  43  5:05  Immortal x2  
  43  5:06  Zealot  
  53  5:16  Probe x2  
  53  5:20  Assimilator  
  55  5:23  Assimilator  
  56  5:28  Probe x2  
  57  5:40  Probe x2  
  57  5:48  Sentry x2  
  61  5:50  Stalker x2  
  61  5:54  Templar Archives  
  65  6:17  Probe x2  
  67  6:26  Pylon  
  67  6:28  Pylon  
  67  6:29  Probe x2  
  69  6:33  Pylon x2  
  69  6:35  Pylon  
  69  6:45  Stargate, Immortal x2  
  77  7:01  Nexus  
  77  7:05  Forge  
  77  7:08  Forge  
  77  7:12  Forge  
  77  7:17  Psionic Storm  
  77  7:21  High Templar x2  
  81  7:23  Warp Prism  
  81  7:24  Observer  
  81  7:25  Zealot x2  
  81  7:26  Archon  
  88  7:30  Phoenix  
  90  7:56  Phoenix  
  92  8:12  Protoss Ground Weapons Level 1, Protoss Ground Armor Level 1  
  92  8:13  Protoss Shields Level 1  
  92  8:22  Robotics Bay  
  92  8:46  Zealot  
  92  8:47  Zealot x3  
  100  9:07  Zealot x4  
  100  9:09  Gateway  
  106  9:11  Gateway  
  106  9:14  Gateway  
  106  9:16  Gateway  
  98  9:18  Gateway  
  98  9:20  Gateway  
  94  9:28  Zealot  
  94  9:29  Zealot x3  
  100  9:46  Probe x3  
  100  9:52  Zealot x4  
  111  9:53  Assimilator  
  111  9:58  Probe x2  
  111  9:59  Probe  
  112  10:06  Zealot x2  
  102  10:10  Probe x2  
  102  10:11  Probe  
  102  10:13  Zealot  
  102  10:14  Zealot x2  
  103  10:22  Probe  
  103  10:23  Probe  
  101  10:33  Zealot x6  
  109  10:49  Zealot x2  
  113  10:50  Zealot x2  
Show
View Real Time Build Order
Export as new Build Order

XxDepravity Zerg - Winner!

Build Orders: Hatch First 

Get SALT Encoding   

  12  0:08  Drone  
  12  0:12  Overlord  
  13  0:25  Drone  
  14  0:35  Drone x2  
  16  0:46  Drone  
  17  1:03  Drone x2  
  19  1:07  Hatchery  
  18  1:17  Extractor  
  17  1:18  Spawning Pool  
  17  1:19  Drone  
  17  1:24  Drone  
  18  1:35  Drone  
  19  1:45  Overlord  
  19  2:01  Drone  
  20  2:14  Queen  
  20  2:15  Zergling x2  
  23  2:19  Queen  
  23  2:20  Zergling x2  
  26  2:23  Drone  
  27  2:31  Metabolic Boost  
  27  2:35  Drone  
  27  2:36  Drone  
  29  3:06  Drone x2  
  29  3:12  Drone, Overlord  
  32  3:15  Queen  
  32  3:18  Hatchery  
  33  3:20  Drone x2  
  33  3:25  Overlord x2  
  33  3:35  Zergling x6  
  33  3:37  Overlord  
  36  3:47  Spine Crawler  
  35  3:50  Zergling x6  
  35  3:51  Zergling x4  
  40  4:02  Drone  
  41  4:03  Drone  
  41  4:38  Zergling x10  
  37  4:39  Zergling x4  
  39  4:48  Drone  
  39  4:51  Roach Warren  
  30  4:53  Drone  
  30  4:54  Evolution Chamber, Drone x4  
  30  4:57  Drone  
  35  5:14  Drone x2  
  35  5:15  Drone x4  
  38  5:25  Zergling x10  
  36  5:29  Queen  
  38  5:48  Drone x5  
  38  5:49  Drone x2  
  45  5:55  Hatchery  
  40  6:27  Roach  
  40  6:28  Roach x7  
  40  6:29  Roach x2  
  60  6:42  Zerg Melee Weapons Level 1  
  60  6:53  Zergling x6  
  63  7:03  Spore Crawler  
  63  7:05  Spore Crawler  
  61  7:08  Drone  
  61  7:09  Drone x7  
  61  7:10  Drone  
  70  7:17  Overlord x3  
  70  7:35  Queen  
  70  7:44  Queen x2  
  70  7:45  Queen  
  70  8:11  Drone x5  
  70  8:12  Drone, Overlord  
  76  8:13  Overlord x2  
  76  8:22  Spine Crawler  
  76  8:25  Spore Crawler  
  74  8:33  Spine Crawler  
  72  8:41  Zergling x4  
  72  8:42  Zergling x30  
  88  8:50  Zerg Ground Armor Level 1  
  88  9:03  Drone x6  
  75  9:50  Roach  
  75  9:51  Roach x6  
  75  9:52  Roach x4  
  85  9:58  Zergling x8  
  85  10:12  Queen  
  85  10:13  Extractor, Queen, Overlord  
  85  10:14  Hatchery, Overlord x4  
  87  10:26  Extractor  
  87  10:28  Hatchery  
  85  10:32  Extractor  
Tags
 
Add a new tag
Caveats
  • Supply blocks, unpowered buildings, or Contaminate may cause inaccurate times.
  • Supply counts are checked every 10 seconds.